 Dungeon Crawl Stone Soup version 0.31-a0-365-gcf821cafb2 (webtiles) character file.

Game seed: 6927121737475570953

1809 garrulousMonolith the Changeling (level 8, 0/66 (78) HPs)
             Began as a Troll Shapeshifter on July 28, 2023.
             Slain by a wight
             ... wielding a +0 short sword
              (4 damage)
             ... on level 7 of the Dungeon.
             The game lasted 00:06:32 (5124 turns).

garrulousMonolith the Changeling (TrSh)             Turns: 5124, Time: 00:06:33

HP:   0/66 (78)     AC:  8    Str: 24    XL:     8   Next: 84%
MP:   7/7           EV: 10    Int:  6    God:
Gold: 131           SH:  0    Dex: 10    Spells: 7/7 levels left

rFire   + .          .
                       - Unarmed
rCold   . . .        (no shield)
rNeg    . . .        a - +1 animal skin
rPois   +            (helmet restricted)
rElec   .            m - +2 cloak {rPois}
rCorr   +            (gloves unavailable)
SInv    .            (boots unavailable)
Will    .....        w - amulet of regeneration
Stlth   +            v - ring of protection from fire
HPRegen 1.91/turn    f - ring of resist corrosion
MPRegen 0.10/turn

%: no passive effects
@: heavily drained
A: large, unfitting armour, claws 3, regeneration 1, shaggy fur 1, tough skin 1
a: no special abilities


You were on level 7 of the Dungeon.
You visited 1 branch of the dungeon, and saw 7 of its levels.

You collected 378 gold pieces.
You spent 247 gold pieces at shops.

Inventory:

Hand Weapons
 e - a +0 sling
 i - a +1 dagger of venom
 o - the +6 mace "Nyof" {heavy, Str+3 Int+3 Dex+4}
   (You found it on level 5 of the Dungeon)

   Str:       It affects your strength (+3).
   Int:       It affects your intelligence (+3).
   Dex:       It affects your dexterity (+4).
 x - a +2 whip of venom
Missiles
 y - a curare-tipped dart
Armour
 a - a +1 animal skin (worn)
 m - a +2 cloak of poison resistance (worn)
Jewellery
 f - a ring of resist corrosion (right claw)
 v - a ring of protection from fire (left claw)
 w - an amulet of regeneration (around neck)
 A - a ring of see invisible
Talismans
 c - a beast talisman
Wands
 u - a wand of polymorph (9)
Scrolls
 d - 2 scrolls of revelation
 h - a scroll of fear
 k - a scroll of silence
 n - 8 scrolls of teleportation
 r - a scroll of summoning
Potions
 b - a potion of enlightenment
 g - a potion of brilliance
 j - a potion of mutation
 l - a potion of haste
 p - a potion of cancellation {unknown}
 q - a potion of ambrosia


   Skills:
 + Level 4.1 Fighting
 + Level 4.5 Dodging
 + Level 6.0 Unarmed Combat
 * Level 6.7 Shapeshifting


You had 7 spell levels left.
You didn't know any spells.
Your spell library contained the following spells:

 Spells                   Type           Power      Damage    Failure   Level
 Vhi's Electric Charge    Tloc/Air       0%         N/A       83%         3
 Arcjolt                  Conj/Air       0%         1d10      100%        5
 Maxwell's Capacitive Co  Air            0%         ∞         100%        8


Dungeon Overview and Level Annotations

Branches:
Dungeon (7/15)
 Temple: D:4-7

Altars:

Shops:
D:5 *


Innate Abilities, Weirdness & Mutations

You are too large for most types of armour.
You have claws for hands.
Your natural rate of healing is unusually fast.
You are covered in fur. (AC +1)
You have tough skin. (AC +1)


Message History

You destroy the wight!
The wight hits you with a +0 short sword.
The wight hits you with a +0 scimitar.
You feel drained.
You scratch the wight but do no damage.
The wight is almost destroyed.
The wight hits you with a +0 scimitar.
You feel drained. The wight completely misses you.
You scratch the wight but do no damage.
The wight is lightly damaged.
The wight hits you with a +0 scimitar!
* * * LOW HITPOINT WARNING * * *
The wight barely misses you.
You claw the wight!
The wight is severely damaged.
The wight hits you with a +0 scimitar!
* * * LOW HITPOINT WARNING * * *
You feel drained.
* * * LOW HITPOINT WARNING * * *
The wight hits you with a +0 short sword.
* * * LOW HITPOINT WARNING * * *
You feel drained.
You feel better.
The wight hits you with a +0 short sword.
* * * LOW HITPOINT WARNING * * *
The wight hits you with a +0 scimitar!
* * * LOW HITPOINT WARNING * * *
You closely miss the wight.
The wight is almost destroyed.
The wight hits you with a +0 short sword.
* * * LOW HITPOINT WARNING * * *
You feel drained. The wight hits you with a +0 scimitar.
* * * LOW HITPOINT WARNING * * *
You claw the wight!
You destroy the wight!
The wight barely misses you.
Your Unarmed Combat skill increases to level 6!
You barely miss the wight.
The wight is almost destroyed.
The wight hits you with a +0 short sword.
You die...

..... <....
.#.#..........
#^..# .............
#...## ............
...<.# ........$.#
.......# .........#
.#........[
#.........
#...##....
#z))...... ..#.#
... #.@).....# ...
.. .#. #.....#..#
#.. ..
(..#..##.....#. #..
..........<.......#
..#...#..........
##. ##......... #
..........
....!.....
.##.>......


You could see a wight.

Vanquished Creatures
  Grinder (D:3)
  A hornet (D:6)
  Menkaure (D:6)
  Edmund (D:4)
  An ogre (D:5)
  3 centaurs
  A phantom (D:5)
  A kobold brigand (D:5)
  3 wights (D:7)
  A jelly (D:5)
  2 orc priests (D:4)
  3 hounds
  Crazy Yiuf (D:3)
  A sleepcap (D:6)
  Jessica (D:3)
  2 iguanas
  3 gnolls (D:5)
  11 adders
  A shadow imp (D:5)
  A white imp (D:6)
  A worm (D:4)
  A dart slug (D:1)
  24 orcs
  7 endoplasms
  3 giant cockroaches
  10 goblins
  4 hobgoblins
  3 jackals (D:3)
  8 kobolds
  3 quokkas
  10 ball pythons
  5 frilled lizards
  9 rats
128 creatures vanquished.

Notes
Turn   | Place    | Note
-------+----------+-------------------------------------------
     0 | D:1      | garrulousMonolith the Troll Shapeshifter began the quest
                  | for the Orb.
     0 | D:1      | Reached XP level 1. HP: 18/18 MP: 0/0
    61 | D:1      | Reached skill level 1 in Fighting
    96 | D:1      | Reached XP level 2. HP: 22/27 MP: 1/1
   852 | D:2      | Reached XP level 3. HP: 33/33 MP: 2/2
  1346 | D:3      | Reached XP level 4. HP: 41/41 MP: 3/3
  1492 | D:3      | Found a runed translucent door.
  1493 | D:3      | Noticed Crazy Yiuf
  1516 | D:3      | Noticed Grinder
  1518 | D:3      | Paralysed by Grinder for 4 turns
  1531 | D:3      | Killed Grinder
  1532 | D:3      | Reached XP level 5. HP: 17/49 MP: 4/4
  1532 | D:3      | Reached XP level 6. HP: 20/57 MP: 5/5
  1876 | D:3      | Noticed Jessica
  1881 | D:3      | Killed Jessica
  2026 | D:3      | Killed Crazy Yiuf
  2138 | D:4      | Noticed Edmund
  2166 | D:4      | Killed Edmund
  2239 | D:4      | Reached XP level 7. HP: 33/66 MP: 6/6
  2240 | D:4      | Reached skill level 5 in Shapeshifting
  3051 | D:5      | Entered Level 5 of the Dungeon
  3056 | D:5      | Found Ea-nāṣir's Fine Metal Goods.
  3070 | D:5      | Bought a shiny kite shield for 247 gold pieces
  3186 | D:5      | Identified the +6 mace "Nyof" {heavy, Str+3 Int+3 Dex+4}
  3461 | D:5      | Reached skill level 5 in Unarmed Combat
  3831 | D:5      | Reached XP level 8. HP: 38/75 MP: 7/7
  4419 | D:5      | Identified the +3 leather armour of Kikubaaqudgha's Anger
                  | {+Blink Int+4 Dex-3 Stlth-}
  4652 | D:6      | Noticed a hornet
  4665 | D:6      | Killed a hornet
  4824 | D:6      | Noticed Menkaure
  4832 | D:6      | Killed Menkaure
  5120 | D:7      | HP: 3/66 [wight/+0 scimitar (3)]
  5122 | D:7      | HP: 1/63 [wight/+0 scimitar (3)]
  5124 | D:7      | Slain by a wight

Illustrated notes

Levels and vault maps discovered:
D:1:      doesnt_arrival_eight_statues, layout_basic, kennysheep_pointless_box,
          amcnicky_mini_pool_small
D:2:      layout_loops_ring, serial_aquarium, aquarium_bridge_square
          [aquarium_subvault_wall, aquarium_subvault_bridge,
          aquarium_subvault_window, aquarium_subvault_wall],
          aquarium_window_corner, aquarium_window_1, aquarium_window_1,
          aquarium_window_corridor_3, aquarium_view_2f, aquarium_pool_2
D:3:      layout_loops_ring, minmay_misc_feat_room, uniq_jessica,
          uniq_crazy_yiuf_cottage, uniq_grinder
D:4:      layout_rooms, st_stairs_4, uniq_edmund
D:5:      layout_layer_cave, nicolae_ea-nasir_strikes_again
D:6:      layout_cave_pools, minmay_misc_feat_chi,
          chequers_serial_rivers_room_b, grunt_decor_one_mirror, uniq_menkaure
D:7:      layout_cave_pools, nicolae_vehumet_altar_sigil,
          minmay_temple_entry_glassed_door, serial_glass, glass_columns_b,
          glass_columns_c, glass_columns_b, glass_columns_c, glass_columns_a

Skill      XL: |  1  2  3  4  5  6  7  8 |
---------------+-------------------------+-----
Fighting       | 1 2 3 4 |  4.1
Dodging        | 2 3 4 |  4.5
Unarmed Combat | 4 5 6 |  6.0
Shapeshifting  | 4 5 6 |  6.7

Action                     |  1- 3 |  4- 6 |  7- 9 || total
---------------------------+-------+-------+-------++-------
  Melee: Unarmed           |    86 |    85 |   167 ||   338
         Punch             |     3 |     2 |     5 ||    10
         Mace              |       |       |    10 ||    10
    Use: Scroll            |     4 |       |    13 ||    17
         Potion            |       |     2 |     3 ||     5
 Armour: Animal skin       |    21 |    18 |    81 ||   120
         Skin              |       |    11 |       ||    11
  Dodge: Dodged            |    42 |    35 |   101 ||   178
         Form:             |       |       |     1 ||     1

Table legend: (Time is in decaauts)
 A = Elapsed time spent in this place.
 B = Non-inter-level travel time spent in this place.
 C = Inter-level travel time spent in this place.
 D = Time resting spent in this place.
 E = Time spent auto-exploring this place.
 F = Levels seen in this place.
 G = Mean time per level.
                   A        B        C        D        E       F      G
               +--------+--------+--------+--------+--------+-----+--------+
         Total |   5116 |   4884 |    232 |    792 |   3241 |   7 |  730.9 |
       Dungeon |   5116 |   4884 |    232 |    792 |   3241 |   7 |  730.9 |
               +--------+--------+--------+--------+--------+-----+--------+

Top non-repeatable levels by time:
     D:5: 1414 daAuts
     D:4: 948 daAuts
     D:3: 899 daAuts
     D:6: 645 daAuts
     D:2: 631 daAuts
     D:1: 554 daAuts
     D:7: 21 daAuts
